 Dungeon Crawl Stone Soup version bcrawl-1.39.1 (webtiles) character file.

Game seed: 3856461174508017572

21458734 Galewind the Conqueror (level 27, 204/204 HPs)
             Began as an Avariel Conjurer on July 19, 2023.
             Was the Champion of Vehumet.
             Escaped with the Orb
             ... and 7 runes on July 20, 2023!
             The game lasted 01:58:29 (69157 turns).

Galewind the Conqueror (Avariel Conjurer)          Turns: 69157, Time: 01:58:29

Health: 204/204    AC: 11    Str:  9    XL:     27
Magic:  68/68      EV: 44    Int: 38    God:    Vehumet [******]
Gold:   7809       SH:  3    Dex: 20    Spells: 3/68 levels left

rFire    + . .     GDR:     31% D - staff of conjuration
rCold    + + .     SeeInvis +   (no shield)
rNeg     + . .     Gourm    .   K - +1 leather armour of Absence {MR+ Dex+2 Stlth+}
rPois    .         Faith    .   a - +2 hat {SInv}
rElec    +         Spirit   .   s - scarf {clouds}
rCorr    +         Reflect  +   O - +2 pair of gloves {Str+3}
MR       +++..     Rnd*Rage +   r - +2 pair of boots of a bailey {rElec rF+ rC++ rCorr}
Stlth    +.........             t - amulet of Xezueh {Reflect rN+ MP+9 Int+3 Dex+5 SH+3}
HPRegen  0.84/turn              Y - ring of Phasing {EV+8}
MPRegen  0.41/turn              C - ring of magical power

@: flying quickly and evasively, deflect missiles, quick
A: rugged brown scales 1, berserk 1, deformed body, deterioration 1,
regeneration 1, screaming 1, able to fly, sturdy frame 1
0: Orb of Zot
}: 7/15 runes: decaying, slimy, silver, glowing, magical, fiery, gossamer
a: Stop Flying, Renounce Religion, Evoke Fog


You escaped.
You worshipped Vehumet.
Vehumet was exalted by your worship.
You were full.

You visited 11 branches of the dungeon, and saw 47 of its levels.
You visited Pandemonium 1 time, and saw 5 of its levels.
You visited the Abyss 1 time.
You also visited: Ossuary, Gauntlet and Desolation.

You collected 11206 gold pieces.
You spent 3397 gold pieces at shops.

Inventory:

Hand Weapons
 X - a +0 war axe
Armour
 a - a +2 hat of see invisible (worn)
 r - the +2 pair of boots of a bailey (worn) {rElec rF+ rC++ rCorr}
   (You acquired it on level 4 of the Lair of Beasts)

   It protects you from fire.
   It greatly protects you from cold.
   It insulates you from electricity.
   It provides partial protection from all sources of acid and corrosion.
 s - a scarf of clouds (worn)
 G - the +4 dragonskin cloak
   (You took it off Tiamat on level 5 of the Realm of Zot)
 K - the +1 leather armour of Absence (worn) {MR+ Dex+2 Stlth+}
   (You found it on level 1 of the Lair of Beasts)

   It affects your dexterity (+2).
   It affects your resistance to hostile enchantments.
   It makes you more stealthy.
 O - a +2 pair of gloves of strength (worn)
Magical Staves
 D - an uncursed staff of conjuration (weapon)
 L - an uncursed staff of fire
Jewellery
 t - the amulet of Xezueh (around neck) {Reflect rN+ MP+9 Int+3 Dex+5 SH+3}
   (You acquired it in Pandemonium)

   [amulet of reflection]

   It shields you and reflects attacks.
   It affects your intelligence (+3).
   It affects your dexterity (+5).
   It protects you from negative energy.
   It affects your magic capacity (+9).
   It affects your SH (+3).
 C - a ring of magical power (right hand)
 Y - the ring of Phasing (left hand) {EV+8}
   (You found it on level 11 of the Dungeon)

   [ring of evasion]

   It affects your evasion (+8).
Wands
 A - a wand of clouds (3)
 J - a wand of acid (8)
 S - a wand of iceblast (9)
 W - a wand of digging (8)
Scrolls
 f - 22 scrolls of remove curse
 g - 5 scrolls of enchant armour
 i - 4 scrolls of identify
 j - 2 scrolls of vulnerability
 k - 12 scrolls of teleportation
 n - 16 scrolls of blinking
 o - 8 scrolls of fog
 p - 7 scrolls of revelation
 v - 5 scrolls of fear
 w - 10 scrolls of enchant weapon
 y - 9 scrolls of amnesia
 E - 3 scrolls of summoning
 F - 13 scrolls of immolation
 N - 4 scrolls of noise
 T - 3 scrolls of brand weapon
Potions
 b - 4 potions of resistance
 c - 3 potions of berserk rage
 d - 10 potions of agility
 h - a potion of cancellation
 m - 22 potions of curing
 q - 15 potions of lignification
 u - 12 potions of might
 x - 4 potions of heal wounds
 z - 6 potions of flight
 B - 7 potions of brilliance
 H - a potion of haste
 M - 4 potions of invisibility
 P - 2 potions of magic
 R - 8 potions of mutation
 U - a potion of degeneration
Miscellaneous
 l - 7 phantom mirrors
 Q - a lamp of fire
 Z - a sack of spiders
Comestibles
 e - 54 rations {!d}


   Skills:
 O Level 27 Fighting
 - Level 1.9 Staves
 + Level 17.9 Dodging
 - Level 2.1 Stealth
 - Level 0.9 Unarmed Combat
 - Level 21.0 Spellcasting
 - Level 21.0 Conjurations
 - Level 7.0 Charms
 - Level 10.0 Summonings
 + Level 3.7 Necromancy
 - Level 14.0 Translocations
 - Level 21.0 Fire Magic
 - Level 17.1 Ice Magic
 - Level 17.0 Air Magic
   Level 13.8 Earth Magic


You had 3 spell levels left.
You knew the following spells:

 Your Spells              Type           Power        Failure   Level  Hunger
a - Ignition              Fire           ########..   1%          8    ###....
b - Deflect Missiles      Chrm/Air       #######...   1%          6    None
c - Bolt of Fire          Conj/Fire      ########..   0%          6    None
d - Aura of Abjuration    Summ           #######...   1%          6    None
e - Fireball              Conj/Fire      ########..   0%          5    None
f - Glaciate              Conj/Ice/Air   ########..   1%          8    None
g - Fire Storm            Conj/Fire      ########..   3%          9    None
h - Controlled Blink      Tloc           #######.     1%          7    None
i - Icicle Burst          Conj/Ice       ########..   1%          7    None
j - Regeneration          Chrm/Necr      ######....   1%          3    None

Your spell library contained the following spells:

 Spells                   Type           Power        Failure   Level  Hunger
 Tornado                  Tloc/Air       ########..   2%          8    ###....
 Apportation              Tloc           ######       0%          1    None
 Blink Other              Tloc           ######       0%          1    None
 Flame Tongue             Conj/Fire      #####        0%          1    None
 Freeze                   Ice            ######       0%          1    None
 Magic Dart               Conj           ####         0%          1    None
 Sandblast                Erth           ######       0%          1    None
 Static Discharge         Air            ######       0%          1    None
 Sting                    Conj/Pois      ####         0%          1    None
 Summon Butterflies       Summ           #######.     0%          1    None
 Summon Small Mammal      Summ           ####         0%          1    None
 Blink                    Tloc           N/A          0%          2    None
 Flaming Arrows           Chrm/Fire      #######.     0%          2    None
 Searing Ray              Conj           ########     0%          2    None
 Shock                    Conj/Air       #######      0%          2    None
 Swiftness                Chrm/Air       #######.     0%          2    None
 Beckoning                Tloc           #######...   0%          3    None
 Conjure Flame            Conj/Fire      ########     0%          3    None
 Iskenderun's Mystic Bla  Conj           ########     0%          3    None
 Mephitic Cloud           Conj/Pois/Air  ########     0%          3    None
 Ozocubu's Armour         Chrm/Ice       #######.     0%          3    None
 Portal Projectile        Tloc           ######       0%          3    None
 Stone Arrow              Conj/Erth      ######       0%          3    None
 Teleport Other           Tloc           #######.     0%          3    None
 Infusion                 Chrm           #######.     1%          1    None
 Necrotize                Necr           ######       1%          1    None
 Slow                     Hex            #####...     1%          1    None
 Call Imp                 Summ           ######       1%          2    None
 Ensorcelled Hibernation  Hex/Ice        ######       1%          2    None
 Passwall                 Tmut/Erth      #######.     1%          2    None
 Poisonous Vapours        Pois/Air       ######       1%          2    None
 Song of Slaying          Chrm           #######.     1%          2    None
 Sublimation of Blood     Necr           ######....   1%          2    None
 Call Canine Familiar     Summ           #######.     1%          3    None
 Confuse                  Hex            #####...     1%          3    None
 Dazzling Orbs            Conj/Hex       #######      1%          3    None
 Ignite Poison            Fire/Tmut/Pois #######.     1%          3    None
 Inner Flame              Hex/Fire       N/A          1%          3    None
 Spectral Weapon          Hex/Chrm       ######..     1%          3    None
 Spider Form              Tmut/Pois      ###          1%          3    None
 Tukima's Dance           Hex            #####...     1%          3    None
 Vampiric Draining        Necr           ######....   1%          3    None
 Airstrike                Air            ########..   0%          4    None
 Lightning Bolt           Conj/Air       ########     0%          4    None
 Sticky Flame             Conj/Fire      ########     0%          4    None
 Bolt of Magma            Conj/Fire/Erth ########..   0%          5    None
 Freezing Cloud           Ice/Air        ########     0%          5    None
 Agony                    Necr           ######..     1%          4    None
 Animate Dead             Necr           N/A          1%          4    None
 Force Lance              Tloc           #######.     1%          4    None
 Fulminant Prism          Conj/Hex       ########..   1%          4    None
 Ice Form                 Ice/Tmut       #######.     1%          4    None
 Petrify                  Tmut/Erth      #######...   1%          4    None
 Summon Ice Beast         Ice/Summ       #######.     1%          4    None
 Summon Scorpions         Summ/Pois      ######..     1%          4    None
 Bolt of Draining         Conj/Necr      ########..   1%          5    None
 Irradiate                Conj/Tmut      ########..   1%          5    None
 Iskenderun's Battlesphe  Conj/Chrm      ########     1%          5    None
 Lee's Rapid Deconstruct  Erth           #######...   1%          5    None
 Piercing Shot            Chrm           #######...   1%          5    None
 Steam Barrier            Chrm/Fire      #######...   1%          5    None
 Summon Forest            Summ/Tloc      #######...   1%          5    None
 Venom Bolt               Conj/Pois      ########..   1%          5    None
 Dispersal                Tloc           #######...   1%          6    None
 Ozocubu's Refrigeration  Ice            ########..   1%          6    None
 Poison Arrow             Conj/Pois      ########..   1%          6    None
 Summon Hydra             Summ           #######...   1%          6    None
 Orb of Destruction       Conj           ########..   1%          7    None
 Spellforged Servitor     Conj/Summ      ########..   1%          7    None
 Chain Lightning          Conj/Air       ########..   1%          8    None
 Lehudib's Crystal Spear  Conj/Erth      ########..   1%          8    None
 Summon Mana Viper        Hex/Summ       ######..     2%          5    None
 Borgnjor's Vile Clutch   Necr/Erth      #######...   3%          6    None
 Dispel Undead            Necr           ######..     4%          5    None
 Malign Gateway           Summ/Tloc      #######...   4%          7    None
 Cause Fear               Hex            #####.....   7%          4    None
 Olgreb's Toxic Radiance  Pois           #####....    7%          4    None
 Monstrous Menagerie      Summ           #######...   10%         7    None
 Summon Greater Demon     Summ           #######...   10%         7    None
 Haunt                    Necr/Summ      #######...   34%         7    None
 Time Stop                Chrm/Tloc      N/A          52%         8    ###....
 Summon Horrible Things   Summ           #######...   58%         8    ###....
 Darkness                 Hex            #####.....   71%         6    None
 Invisibility             Hex            #####...     71%         6    None
 Virulence                Hex/Pois       #####...     71%         6    None
 Passage of Golubria      Tloc           Unusable     N/A         5    N/A

Dungeon Overview and Level Annotations

Branches:
Dungeon (12/12)            Temple (1/1) D:6            Lair (6/6) D:7
  Swamp (3/3) Lair:2       Spider (3/3) Lair:3        Slime (5/5) Orc
    Orc (1/1) D:11            Elf (3/3) Lair:5       Vaults (3/3) D:11
  Crypt (0/2) Vaults:1     Depths (5/5) D:12            Zot (5/5) Depths:5

Altars:
Ashenzari
Cheibriados
Dithmenos
Elyvilon
Fedhas
Gozag
Hepliaklqana
Kikubaaqudgha
Lugonu
Makhleb
Nemelex Xobeh
Okawaru
Qazlal
Ru
Sif Muna
Trog
Uskayaw
Vehumet
Wu Jian
Xom
Yredelemnul
Zin
The Shining One
Jiyva

Shops:
D:6 [   D:9 ?   D:12 !   Orc ([:[*   Elf:1 *:![%   Elf:2 !   Vaults:1 (
Vaults:2 ?   Vaults:3 !!*}?%!?=!?%[*   Depths:4 *   Depths:5 [:}

Portals:
Hell: Depths:1 Depths:2 Depths:3 Depths:4 Depths:5
Abyss: Depths:4
Pandemonium: Depths:3
Ziggurat: Depths:2

Annotations:
Lair:3 1 runed door
Lair:4 1 runed translucent door, fifreuwaquouxo3460's ghost, journeyman TrMo
Spider:2 1 runed translucent door, tronn's ghost, journeyman GnIE
Spider:3 exclusion: orange crystal statue
Elf:2 5 runed doors
Depths:1 1 runed door
Zot:1 1 runed translucent door, Heoriaro's ghost, legendary GnFi
Zot:4 9 runed doors


Innate Abilities, Weirdness & Mutations

You can fly continuously.
You are partially covered in rugged brown scales. (AC +1, +3% HP)
You tend to lose your temper in combat.
Armour fits poorly on your strangely shaped body.
Your body sometimes deteriorates upon taking damage.
Your natural rate of healing is unusually fast.
You occasionally shout uncontrollably at your foes.
Your movements are slightly less encumbered by armour. (ER -2)


Message History

Where to? (Enter - D:1, ? - help)
There is a stone staircase leading down here.
There is an open door here.
There is an open door here.
There is a stone staircase leading up here.
A rune on the stairs sparks and fizzles.
You fly upwards.
There is a stone staircase leading down here.
There is an open door here.
There is an open door here.
You reach down and open the door.
There is an open door here.
There is an open door here.
There is a stone staircase leading up here.
You fly upwards.
There is a stone staircase leading down here.
Unknown command.
There is a staircase leading out of the dungeon here.
The power of the Orb breaks the dimensional shunt like a soap bubble!
You have escaped!

#.# #.#..# #.............##...
###.###.##.## #..#######..#.#####
............###..##...##..^.#
######..##.......#.###.#....# #
#..####.##..#.#⌠#.'..#.#####
##...........#.'##.#......... #
#...#.##.##..##...##..##..### #
##..##........#######..###..## #
##...####..#..@.........####.##
###..#.# ##.##............###.#
....#..#####.#####.#...###..##.##
.###..#....(.....................
.###....##########.#########...†#
##...#### #.# ###... ##...# ##.#
###. ....## #..# #### ..### #.##
#.†.


There were no monsters in sight!

Vanquished Creatures
  the Royal Jelly (Slime:5)
  Ignacio (Pan)
  Lom Lobon (Pan)
  Tiamat (Zot:5)
  2 juggernauts
  Mnoleg (Pan)
  9 orbs of fire
  3 ancient liches
  Xtahua (Zot:2)
  8 Killer Klowns
  12 golden dragons
  Arachne (Spider:3)
  4 curse toes
  Margery (Depths:2)
  4 caustic shrikes (Depths:4)
  11 rockslimes
  3 Brimstone Fiends (Pan)
  A profane servitor (Depths:4)
  2 bone dragons
  A Shadow Fiend (D:12)
  4 Orb Demons
  5 electric golems
  Jorgrun (Orc)
  23 Orb Guardians
  4 liches
  3 wendigos
  17 tentacled monstrosities
  4 deep elf blademasters (Elf:3)
  12 titans
  15 acid blobs
  9 quicksilver dragons
  A deep elf master archer (Elf:3)
  11 Executioners
  9 sphinxes
  3 tentacled starspawn (Abyss:5)
  14 death cobs
  11 shadow dragons
  22 storm dragons
  2 thorn hunters
  A nagaraja (Abyss:5)
  6 tengu reavers
  7 draconian knights
  9 draconian monks
  2 blood saints
  14 fire giants
  2 iron dragons
  A war gargoyle (Vaults:3)
  16 azure jellies
  14 frost giants
  17 balrugs
  11 ghost moths
  4 deep elf sorcerers
  14 vault wardens
  4 deep elf elementalists (Elf:3)
  9 emperor scorpions
  12 cacodemons (Pan)
  2 curse skulls (Pan)
  An angel (Abyss:5)
  A spriggan defender (Depths:3)
  15 draconian stormcallers
  8 draconian scorchers
  8 draconian shifters
  9 ironheart preservers
  23 stone giants
  18 very ugly things
  14 draconian annihilators
  13 eyes of devastation
  2 vampire knights (Depths:4)
  13 starcursed masses
  18 green draconians
  A lorocyproca (Pan)
  2 minotaurs
  18 white draconians
  5 deep elf demonologists
  4 dire elephants
  9 deep elf annihilators
  23 yellow draconians
  7 entropy weavers
  6 spark wasps
  23 red draconians
  15 black draconians
  7 deep elf death magi (Elf:3)
  21 purple draconians
  10 ettins
  8 green deaths
  A ragged hierophant (Desolation)
  9 yaktaur captains
  12 fire dragons
  9 blizzard demons
  3 crystal guardians (Vaults:3)
  The ghost of Coyote68 the Black Belt, a journeyman DsMA of Wu Jian (Orc)
  Urug (Orc)
  18 ice dragons
  7 deep elf high priests
  8 rakshasas
  2 servants of whispers (Desolation)
  35 vault guards
  A hell beast (Zot:5)
  20 hydras
  4 shambling mangroves
  Harold (D:11)
  12 spriggan air magi
  17 great orbs of eyes
  5 shadow wraiths
  An anaconda (Lair:6)
  8 alligators
  The ghost of Turbognida the Reanimator, a novice HuNe of Ru (D:8)
  5 death oozes
  15 two-headed ogres
  17 dancing weapons
  4 death knights
  7 death yaks
  11 deep troll shamans
  An ancient automaton (Slime:1)
  2 vampire magi
  19 deep troll earth magi
  5 thrashing horrors (Abyss:5)
  2 ironheart beastmasters
  5 ogre magi
  6 soul eaters (Pan)
  37 sun demons
  An orc high priest (Orc)
  7 spriggan berserkers
  4 tengu warriors
  15 deep elf knights
  49 deep trolls
  22 centaur warriors
  A goliath frog (Lair:6)
  A titan skeleton (Pan)
  An iron troll (Depths:4)
  11 sixfirhies
  13 hell knights
  2 wretched stars
  A death drake (shapeshifter) (Vaults:2)
  9 swamp dragons
  A death drake (Abyss:4)
  4 unseen horrors
  A spriggan druid (Swamp:2)
  3 flayed ghosts
  5 glowing orange brains
  7 phantasmal warriors
  12 ironheart convokers
  13 wizards
  3 cyclopes
  8 necromancers
  2 lindwurms (Lair:6)
  9 deep elf archers
  A mana viper (Abyss:5)
  Pikel (D:8)
  20 orb spiders
  3 orc knights (Orc)
  3 wolf spider zombies (Spider:2)
  37 ugly things
  12 shining eyes
  A mana viper (shapeshifter) (Elf:1)
  54 deep elf magi
  29 wolf spiders
  A manticore (D:9)
  An apocalypse crab (Abyss:5)
  A manticore (shapeshifter) (Depths:2)
  A fire giant skeleton (Depths:2)
  2 frost giant skeletons (Depths:2)
  4 elephants (Lair:4)
  6 will-o'-wisps (Swamp:3)
  35 moths of wrath
  A rust devil (Zot:5)
  2 stone giant skeletons
  19 orange demons
  8 torpor snails
  9 smoke demons
  2 black mambas
  7 vault sentinels
  2 guardian serpents (Desolation)
  A spriggan zombie (Depths:2)
  20 cane toads
  A hellion (D:12)
  A yaktaur zombie (Depths:1)
  31 jumping spiders
  50 yaktaurs
  2 rime drakes (Lair:6)
  A yaktaur (shapeshifter) (D:11)
  3 kobold demonologists (D:10)
  An eye of draining (shapeshifter) (Depths:1)
  15 demonic crawlers
  A rime drake (shapeshifter) (Vaults:3)
  9 efreet
  5 eyes of draining
  11 hellwings
  A tormentor (Pan)
  3 ancient zymes
  4 freezing wraiths
  10 flying skulls
  6 komodo dragons
  18 red devils
  3 meliai (Lair:6)
  8 trolls
  A polar bear (Lair:5)
  A moth of wrath zombie (Spider:2)
  2 wind drakes (shapeshifter)
  20 saltlings
  30 hornets
  A queen bee (Lair:6)
  14 wind drakes (Pan)
  12 tyrant leeches
  29 blink frogs
  7 bog bodies
  7 hippogriffs
  7 raiju
  4 tarantella zombies (Spider:2)
  A deep troll zombie (Depths:1)
  9 dream sheep (Lair:6)
  A frost giant simulacrum (Vaults:1)
  A meliai zombie (D:12)
  153 slime creatures
  Sigmund (D:3)
  12 tarantellas
  8 spriggans
  12 water elementals
  2 air elementals
  A fire dragon skeleton (Depths:1)
  2 wraiths
  10 ynoxinuls
  A tarantella (shapeshifter) (Depths:1)
  13 yaks
  A vampire (D:12)
  5 basilisks
  3 fire bats (D:9)
  51 redbacks
  3 wyverns
  3 steam dragons (Lair:6)
  20 fire elementals
  A hog (shapeshifter) (Depths:1)
  11 golden eyes
  18 neqoxecs
  15 chaos spawn
  4 hungry ghosts
  A yaktaur simulacrum (Vaults:2)
  21 vampire mosquitoes
  4 wargs
  3 hell hounds
  2 acid dragons (D:12)
  16 crocodiles
  13 swamp worms
  3 jumping spider zombies (Spider:2)
  33 large abominations
  6 water moccasins
  4 floating eyes
  A cane toad skeleton (D:10)
  A soldier ant (shapeshifter) (Vaults:2)
  9 soldier ants
  A meliai simulacrum (D:11)
  13 porcupines
  An ice beast (shapeshifter) (Vaults:3)
  16 swamp drakes
  25 orc warriors
  2 black bears
  6 sky beasts
  A phantom (D:12)
  A slave (D:8)
  2 ice beasts
  2 redback zombies (Spider:2)
  23 wolves
  12 ogres
  8 boggarts
  A kobold brigand (D:11)
  11 bullfrogs
  A gnoll sergeant (D:9)
  15 centaurs
  4 earth elementals
  A water moccasin skeleton (D:5)
  10 scorpions
  20 killer bees
  5 wights
  An electric eel (Lair:2)
  6 howler monkeys
  3 orc priests
  4 crimson imps
  A bullfrog zombie (D:6)
  6 hounds
  2 iron imps
  A bullfrog skeleton (D:5)
  2 quasits
  A human zombie (D:4)
  A jelly (D:9)
  10 orc wizards
  7 iguanas
  A lightning spire (Gauntlet)
  5 small abominations
  30 worker ants
  2 hound zombies (D:6)
  8 mummies (Ossuary)
  A worker ant zombie (Spider:2)
  3 gnolls (D:9)
  5 adders
  2 white imps
  3 oozes
  7 worms
  4 adder skeletons
  A dart slug (D:2)
  5 leopard geckos
  36 orcs
  5 bats
  4 giant cockroaches
  3 gnoll zombies
  5 goblins
  5 hobgoblins
  5 jackals (D:3)
  4 quokkas
  3 ball pythons
  3 frilled lizards (D:1)
  2 hobgoblin zombies (Ossuary)
  A jackal zombie (D:4)
  20 kobolds
  2 kobold zombies (Ossuary)
  2 orc zombies (Ossuary)
  7 rats
  2 rat zombies (D:4)
  3 ball lightnings (Pan)
  A block of ice (Zot:4)
  8 bushes (Depths:5)
  14 crawling corpses (Spider:2)
  57 fire vortices
  19 fungi
  5 plants
  2 starspawn tentacles (Abyss:5)
2804 creatures vanquished.

Vanquished Creatures (collateral kills)
  2 tentacled monstrosities (Pan)
  A titan (Pan)
  A draconian knight (Zot:1)
  An azure jelly (Slime:5)
  A draconian stormcaller (Zot:2)
  A red draconian (Zot:1)
  A black draconian (Zot:2)
  A white draconian (Zot:2)
  A deep troll (Depths:3)
  A moth of wrath (Zot:4)
  2 slime creatures
  A large abomination (Pan)
  A neqoxec (Pan)
  A floating eye (Depths:3)
16 creatures vanquished.

Vanquished Creatures (others)
  Frederick (Vaults:3)
  A death cob (Zot:1)
  An eldritch tentacle (Pan)
  A draconian monk (Zot:5)
  An eye of devastation (Zot:5)
  3 large abominations (Abyss:5)
  A sun demon (Pan)
  A smoke demon (Pan)
  A komodo dragon (Lair:6)
  A spriggan skeleton (Depths:1)
  2 wind drakes (Pan)
  3 golden eyes (Abyss:5)
  A slave (D:8)
  A scorpion (D:8)
  A ball lightning (Zot:5)
  52 blocks of ice
  237 fire vortices
  24 fungi
  31 plants
  2 starspawn tentacles (Abyss:5)
  2 withered plants (Lair:4)
368 creatures vanquished.

Grand Total: 3188 creatures vanquished

Notes
Turn   | Place    | Note
-------+----------+-------------------------------------------
     0 | D:1      | Galewind the Avariel Conjurer began the quest for the Orb.
     0 | D:1      | Reached XP level 1. HP: 10/10 MP: 6/6
    91 | D:1      | Reached XP level 2. HP: 15/15 MP: 1/7
   494 | D:1      | Reached XP level 3. HP: 15/19 MP: 3/9
   497 | D:1      | Learned a level 2 spell: Searing Ray
   501 | D:1      | Learned a level 3 spell: Iskenderun's Mystic Blast
  1202 | D:2      | Reached XP level 4. HP: 24/24 MP: 8/11
  2199 | D:3      | Noticed Sigmund
  2209 | D:3      | Killed Sigmund
  2210 | D:3      | Reached XP level 5. HP: 28/28 MP: 5/14
  2210 | D:3      | Reached XP level 6. HP: 32/32 MP: 5/15
  2470 | D:4      | Reached skill level 5 in Spellcasting
  2783 | D:4      | Reached XP level 7. HP: 37/37 MP: 8/18
  3025 | D:4      | Found a sand-covered staircase.
  3071 | Ossuary  | Entered an ossuary
  3662 | D:4      | Found a glowing silver altar of Zin.
  3662 | D:4      | Found a glowing golden altar of the Shining One.
  3794 | D:5      | Entered Level 5 of the Dungeon
  4073 | D:5      | Reached XP level 8. HP: 42/42 MP: 11/21
  4128 | D:5      | Reached skill level 10 in Conjurations
  4861 | D:6      | Reached skill level 1 in Fighting
  5180 | D:6      | Gained mutation: You can fly continuously. [Avariel growth]
  5180 | D:6      | Reached XP level 9. HP: 47/47 MP: 11/24
  5281 | D:6      | Found Hobaeri's Antique Armour Boutique.
  5289 | D:6      | Bought a glowing scarf for 200 gold pieces
  5289 | D:6      | Bought an embroidered robe for 92 gold pieces
  5443 | D:6      | Found a staircase to the Ecumenical Temple.
  5781 | Temple   | Entered the Ecumenical Temple
  5934 | Temple   | Became a worshipper of Vehumet
  6204 | D:7      | Reached skill level 10 in Spellcasting
  6495 | D:7      | Found a staircase to the Lair.
  6819 | D:8      | Noticed a troll
  6822 | D:8      | Killed a troll
  6823 | D:8      | Reached XP level 10. HP: 53/53 MP: 18/27
  6824 | D:8      | Noticed Pikel
  6829 | D:8      | Killed Pikel
  7028 | D:8      | Found a runed translucent gate.
  7033 | D:8      | Noticed Turbognida's ghost (novice HuNe)
  7038 | D:8      | Found a runed translucent gate.
  7038 | D:8      | Found a runed translucent gate.
  7039 | D:8      | Noticed a two-headed ogre
  7161 | D:8      | Reached * piety under Vehumet
  7161 | D:8      | Offered knowledge of Sting by Vehumet.
  7640 | D:9      | Found a transporter.
  7716 | D:9      | Noticed a two-headed ogre
  7721 | D:9      | Killed a two-headed ogre
  7913 | D:9      | Found a transporter.
  8032 | D:9      | Reached XP level 11. HP: 56/57 MP: 14/30
  8050 | D:9      | Reached ** piety under Vehumet
  8110 | D:9      | Found Viov Fewn's Magic Scroll Shop.
  8118 | D:9      | Bought a scroll of fear for 55 gold pieces
  8118 | D:9      | Bought a scroll of identify for 22 gold pieces
  8118 | D:9      | Bought a scroll of enchant armour for 82 gold pieces
  8386 | D:9      | Offered knowledge of Throw Frost by Vehumet.
  8399 | D:9      | Noticed a manticore
  8402 | D:9      | Killed a manticore
  8403 | D:9      | Reached skill level 2 in Fighting
  8403 | D:9      | Reached skill level 15 in Conjurations
  8407 | D:9      | Noticed a tengu warrior
  8412 | D:9      | Killed a tengu warrior
  8467 | D:9      | Found an iron altar of Okawaru.
  8600 | Lair:1   | Entered Level 1 of the Lair of Beasts
  8933 | Lair:1   | Got a smelly leather armour
  9619 | Lair:2   | Reached skill level 5 in Dodging
  9714 | Lair:2   | Reached skill level 3 in Fighting
  9797 | Lair:2   | Found a staircase to the Swamp.
  9914 | Lair:2   | Offered knowledge of Mephitic Cloud by Vehumet.
 10018 | Lair:2   | Reached XP level 12. HP: 66/66 MP: 25/32
 10037 | Lair:2   | Identified the +1 leather armour of Absence {MR+ Dex+2
                  | Stlth+} (You found it on level 1 of the Lair of Beasts)
 10068 | Lair:2   | Noticed a seven-headed hydra
 10071 | Lair:2   | Killed a seven-headed hydra
 10072 | Lair:2   | Reached skill level 4 in Fighting
 10495 | Lair:2   | Identified a scroll of acquirement
 10498 | Lair:2   | Identified the +0 hat of Kusuzeas {+Blink +Fly rElec MP+9
                  | Dex+4} (You acquired it on level 2 of the Lair of Beasts)
 10498 | Lair:2   | Identified the amulet "Ynolux" {Rage rF+ rC- Str+2} (You
                  | acquired it on level 2 of the Lair of Beasts)
 10498 | Lair:2   | Identified Galewind's Compendium of Scorching Conjuration
                  | (You acquired it on level 2 of the Lair of Beasts)
 10505 | Lair:2   | Learned a level 4 spell: Sticky Flame
 10511 | Lair:2   | Learned a level 5 spell: Fireball
 10529 | Lair:3   | Reached skill level 1 in Fire Magic
 10546 | Lair:3   | Got a smoking pewter amulet
 10566 | Lair:3   | Reached *** piety under Vehumet
 10833 | Lair:3   | Found a hole to the Spider Nest.
 10934 | Lair:3   | Found a runed door.
 11163 | Lair:3   | Found a dark tunnel.
 11442 | Lair:4   | Identified the amulet "Cob Iqer" {Inacc rF+} (You found it
                  | on level 3 of the Lair of Beasts)
 11471 | Lair:4   | Reached skill level 5 in Fire Magic
 11570 | Lair:4   | Offered knowledge of Stone Arrow by Vehumet.
 11840 | Lair:4   | Noticed fifreuwaquouxo3460's ghost (journeyman TrMo)
 11841 | Lair:4   | Found a runed translucent door.
 11910 | Lair:4   | Reached skill level 5 in Fighting
 12000 | Lair:4   | Identified the +2 pair of boots of a bailey {rElec rF+ rC++
                  | rCorr} (You acquired it on level 4 of the Lair of Beasts)
 12000 | Lair:4   | Identified the ring of Toepsig {+Inv +Fly Str-4 SInv
                  | Stlth+} (You acquired it on level 4 of the Lair of Beasts)
 12701 | Lair:5   | Noticed a death yak
 12701 | Lair:5   | Noticed a death yak
 12704 | Lair:5   | Noticed a death yak
 12706 | Lair:5   | Killed a death yak
 12722 | Lair:4   | Killed a death yak
 12722 | Lair:4   | Reached **** piety under Vehumet
 12723 | Lair:4   | Reached skill level 10 in Dodging
 12723 | Lair:4   | Reached XP level 13. HP: 57/74 MP: 1/33
 12846 | Lair:5   | Reached skill level 6 in Fighting
 12980 | Lair:5   | Offered knowledge of Iskenderun's Battlesphere by Vehumet.
 13577 | Lair:5   | Found a staircase to the Elven Halls.
 13601 | Lair:5   | Reached skill level 10 in Fire Magic
 14006 | Lair:6   | Entered Level 6 of the Lair of Beasts
 14205 | Lair:6   | Got a bound ivory ring
 14219 | Lair:6   | Identified the cursed ring "Vap Wig" {*Contam Str+3 Dex+4
                  | Stlth--} (You found it on level 6 of the Lair of Beasts)
 14232 | Lair:6   | Gained mutation: Scrolls take you a little longer to read.
                  | [mutagenic glow]
 14417 | Lair:5   | Lost mutation: Scrolls take you a little longer to read.
                  | [potion of mutation]
 14417 | Lair:5   | Gained mutation: You are dopey. (Int -2) [potion of
                  | mutation]
 14417 | Lair:5   | Gained mutation: You are partially covered in rugged brown
                  | scales. (AC +1, +3% HP) [potion of mutation]
 14418 | Lair:5   | Lost mutation: You are partially covered in rugged brown
                  | scales. (AC +1, +3% HP) [potion of mutation]
 14418 | Lair:5   | Gained mutation: Scrolls take you a little longer to read.
                  | [potion of mutation]
 14418 | Lair:5   | Gained mutation: Your spells are a little easier to cast,
                  | but a little less powerful. [potion of mutation]
 14418 | Lair:5   | Gained mutation: Armour fits poorly on your strangely
                  | shaped body. [potion of mutation]
 14418 | Lair:5   | Gained mutation: You are partially covered in icy blue
                  | scales. (AC +2) [potion of mutation]
 14419 | Lair:5   | Lost mutation: Scrolls take you a little longer to read.
                  | [potion of mutation]
 14419 | Lair:5   | Lost mutation: Armour fits poorly on your strangely shaped
                  | body. [potion of mutation]
 14419 | Lair:5   | Gained mutation: You are clumsy. (Dex -2) [potion of
                  | mutation]
 14419 | Lair:5   | Gained mutation: Your movements are slightly less
                  | encumbered by armour. (ER -2) [potion of mutation]
 14420 | Lair:5   | Lost mutation: You are clumsy. (Dex -2) [potion of
                  | mutation]
 14420 | Lair:5   | Lost mutation: You are dopey. (Int -2) [potion of mutation]
 14420 | Lair:5   | Gained mutation: Your flesh is heat resistant. (rF+)
                  | [potion of mutation]
 14420 | Lair:5   | Gained mutation: Your natural rate of healing is unusually
                  | fast. [potion of mutation]
 14420 | Lair:5   | Gained mutation: You are weak. (Str -2) [potion of
                  | mutation]
 14420 | Lair:5   | Gained mutation: You are mostly covered in icy blue scales.
                  | (AC +3) [potion of mutation]
 14474 | Lair:6   | Learned a level 5 spell: Iskenderun's Battlesphere
 14625 | Lair:6   | Reached ***** piety under Vehumet
 14641 | Lair:6   | Offered knowledge of Conjure Ball Lightning by Vehumet.
 14747 | Lair:6   | Found a runed door.
 14800 | Lair:6   | Reached XP level 14. HP: 80/80 MP: 11/34
 14815 | Lair:6   | Reached skill level 1 in Charms
 16133 | Lair:6   | Got a transparent hand axe
 16716 | Lair:6   | Reached skill level 15 in Fire Magic
 16905 | Lair:6   | Learned a level 9 spell: Fire Storm
 16905 | Lair:6   | Identified the +7 hand axe "Tanojoum" {protect, rC+} (You
                  | found it on level 6 of the Lair of Beasts)
 17564 | D:8      | Killed Turbognida's ghost
 17565 | D:8      | Reached skill level 5 in Charms
 17625 | D:8      | Got a faintly glowing robe
 17646 | D:8      | Identified the cursed +0 robe of the Skies Above {Str+3}
                  | (You found it on level 8 of the Dungeon)
 17665 | D:10     | Entered Level 10 of the Dungeon
 18103 | D:10     | Offered knowledge of Mana Rupture by Vehumet.
 18924 | D:11     | Found the ring of Phasing {EV+8}
 19008 | D:11     | Found a gate leading to a gauntlet.
 19036 | Gauntlet | Entered a Gauntlet
 19036 | Gauntlet | Found a transporter.
 19054 | Gauntlet | Found a transporter.
 19069 | Gauntlet | Found a transporter.
 19075 | Gauntlet | Found a transporter.
 19090 | Gauntlet | Found a transporter.
 19109 | Gauntlet | Found a transporter.
 19114 | Gauntlet | Found the amulet of Vitality {Regen HP+25}
 19121 | Gauntlet | Found a transporter.
 19133 | Gauntlet | Found a transporter.
 19145 | Gauntlet | Found a transporter.
 19151 | Gauntlet | Found a transporter.
 19151 | Gauntlet | Found a transporter.
 19153 | Gauntlet | Found a transporter.
 19170 | Gauntlet | Found a transporter.
 19187 | Gauntlet | Found a transporter.
 19206 | Gauntlet | Found a transporter.
 19232 | Gauntlet | Found a transporter.
 19258 | Gauntlet | Found a transporter.
 19260 | Gauntlet | Found a transporter.
 19531 | Gauntlet | Got a smoking silver ring
 19534 | Gauntlet | Identified the ring "Waom" {+Fly Dex+4} (You found it in a
                  | Gauntlet)
 19572 | Gauntlet | Identified the +0 pair of gloves of Poimieqa {rElec rF++
                  | Int+2} (You acquired it in a Gauntlet)
 19727 | Gauntlet | Lost mutation: You are weak. (Str -2) [potion of mutation]
 19727 | Gauntlet | Lost mutation: Your spells are a little easier to cast, but
                  | a little less powerful. [potion of mutation]
 19727 | Gauntlet | Lost mutation: You are mostly covered in icy blue scales.
                  | (AC +3) [potion of mutation]
 19727 | Gauntlet | Lost mutation: You are partially covered in icy blue
                  | scales. (AC +2) [potion of mutation]
 19727 | Gauntlet | Gained mutation: You have supernaturally acute eyesight.
                  | (SInv) [potion of mutation]
 19909 | D:11     | Found a gate to the Vaults.
 19914 | D:11     | Reached skill level 15 in Spellcasting
 19914 | D:11     | Reached XP level 15. HP: 84/84 MP: 36/36
 20386 | D:11     | Found a staircase to the Orcish Mines.
 20480 | D:11     | Noticed Harold
 20483 | D:11     | Killed Harold
 21129 | Orc      | Entered the Orcish Mines
 21136 | Orc      | Noticed Jorgrun
 21141 | Orc      | Killed Jorgrun
 21165 | Orc      | Offered knowledge of Venom Bolt by Vehumet.
 21488 | Orc      | Found Iqipraz's General Store.
 21653 | Orc      | Found Agiagoar's Armour Emporium.
 21655 | Orc      | Found Arapublup's Antique Armour Shop.
 21655 | Orc      | Found Kist's Book Shoppe.
 21657 | Orc      | Found Hegery's Weapon Boutique.
 21671 | Orc      | Bought a book of the Warp for 1080 gold pieces
 21685 | Orc      | Noticed Urug
 21688 | Orc      | Killed Urug
 21739 | Orc      | Found a runed translucent gate.
 21739 | Orc      | Found a runed translucent gate.
 21739 | Orc      | Found a runed translucent gate.
 21817 | Orc      | Found a staircase to the Slime Pits.
 21818 | Orc      | Found a viscous altar of Jiyva.
 21880 | Orc      | Noticed Coyote68's ghost (journeyman DsMA)
 22054 | Orc      | Killed Coyote68's ghost
 22402 | Swamp:1  | Entered Level 1 of the Swamp
 23381 | Swamp:2  | Reached XP level 16. HP: 81/88 MP: 31/39
 23387 | Swamp:2  | Noticed a thorn hunter
 23477 | Swamp:2  | Killed a thorn hunter
 23939 | Swamp:2  | Reached skill level 1 in Staves
 24300 | Swamp:2  | Learned a level 7 spell: Controlled Blink
 24301 | Swamp:3  | Entered Level 3 of the Swamp
 24331 | Swamp:3  | Noticed a thorn hunter
 24335 | Swamp:3  | Killed a thorn hunter
 24479 | Swamp:3  | Reached ****** piety under Vehumet
 24627 | Swamp:3  | Offered knowledge of Iron Shot by Vehumet.
 24668 | Swamp:3  | Reached skill level 5 in Translocations
 25241 | Swamp:3  | Got a decaying rune of Zot
 25845 | Elf:1    | Entered Level 1 of the Elven Halls
 26080 | Elf:1    | Reached XP level 17. HP: 93/93 MP: 40/40
 26328 | Elf:1    | Reached skill level 10 in Translocations
 26612 | Elf:1    | Found Isileh's Antique Armour Emporium.
 26620 | Elf:1    | Found Lestrouvi's Food Boutique.
 26639 | Elf:1    | Offered knowledge of Icicle Burst by Vehumet.
 26642 | Elf:1    | Found Uguulu's Distillery.
 26695 | Elf:1    | Found Zoaqoh's Book Emporium.
 26889 | Elf:1    | Found Ziliab's Assorted Antiques.
 26897 | Elf:1    | Bought a scroll of blinking for 180 gold pieces
 27157 | Elf:2    | Found Ahonim's Distillery.
 27403 | Elf:2    | Learned a level 7 spell: Icicle Burst
 27417 | Elf:2    | Found a huge runed gate.
 27417 | Elf:2    | Found a huge runed gate.
 27417 | Elf:2    | Found a huge runed gate.
 27417 | Elf:2    | Found a huge runed gate.
 27418 | Elf:2    | Found a huge runed gate.
 27540 | Elf:2    | Reached skill level 1 in Ice Magic
 27590 | Elf:2    | Found a crumbling gateway.
 27714 | Desolati | Entered the Desolation of Salt
 27824 | Elf:3    | Entered Level 3 of the Elven Halls
 27913 | Elf:3    | Offered knowledge of Bolt of Cold by Vehumet.
 27922 | Elf:3    | Noticed a deep elf blademaster
 27925 | Elf:3    | Noticed a deep elf blademaster
 27927 | Elf:3    | Killed a deep elf blademaster
 27928 | Elf:3    | Noticed a deep elf blademaster
 27929 | Elf:3    | Noticed a deep elf blademaster
 27936 | Elf:3    | Killed a deep elf blademaster
 27937 | Elf:3    | Killed a deep elf blademaster
 27938 | Elf:3    | Reached skill level 5 in Ice Magic
 27938 | Elf:3    | Killed a deep elf blademaster
 27939 | Elf:3    | Reached XP level 18. HP: 51/98 MP: 12/41
 28084 | Elf:3    | Noticed a deep elf master archer
 28775 | Elf:3    | Killed a deep elf master archer
 28807 | Elf:3    | Identified the +3 ring mail of Elurouxyni {*Corrode Int+2
                  | Dex+2 Stlth+}
 28815 | Elf:3    | Identified the ring "Egiggopt" {MR- Int+7 Stlth++}
 28938 | Elf:3    | Noticed a Hell Sentinel
 29162 | Elf:3    | Identified the +2 cloak "Viphaak" {rCorr Str+4}
 29187 | Elf:3    | Identified the +2 pair of gloves "Zafuulem" {*Slow rN+
                  | Slay+2}
 29237 | Elf:3    | Learned a level 6 spell: Bolt of Fire
 29249 | Elf:3    | Learned a level 8 spell: Ignition
 29544 | Spider:1 | Entered Level 1 of the Spider Nest
 29807 | Spider:1 | Reached skill level 7 in Fighting
 30840 | Spider:2 | Reached skill level 8 in Fighting
 30845 | Spider:2 | Offered knowledge of Conjure Ball Lightning by Vehumet.
 30850 | Spider:2 | Reached XP level 19. HP: 108/108 MP: 9/42
 30930 | Spider:2 | Reached skill level 9 in Fighting
 31410 | Spider:2 | Reached skill level 10 in Fighting
 31941 | Spider:2 | Offered knowledge of Shatter by Vehumet.
 31941 | Spider:2 | Offered knowledge of Tornado by Vehumet.
 32121 | Spider:2 | Reached skill level 11 in Fighting
 32576 | Spider:2 | Found a runed translucent door.
 32576 | Spider:2 | Noticed tronn's ghost (journeyman GnIE)
 32788 | Spider:3 | Entered Level 3 of the Spider Nest
 33191 | Spider:3 | Reached skill level 12 in Fighting
 33243 | Spider:3 | Noticed Arachne
 33375 | Spider:3 | Got a gossamer rune of Zot
 33440 | Spider:3 | Killed Arachne
 33441 | Spider:3 | Reached skill level 13 in Fighting
 33667 | Spider:3 | Reached XP level 20. HP: 125/125 MP: 38/43
 34576 | D:12     | Entered Level 12 of the Dungeon
 34653 | D:12     | Found Naterera's Distillery.
 34663 | D:12     | Bought a potion of ambrosia for 52 gold pieces
 34707 | D:12     | Found a staircase to the Depths.
 35642 | Vaults:1 | Entered Level 1 of the Vaults
 35657 | Vaults:1 | Learned a level 6 spell: Deflect Missiles
 36167 | Vaults:1 | Reached skill level 5 in Air Magic
 36641 | Vaults:1 | Found Conyot's Antique Weapon Shoppe.
 37120 | Vaults:1 | Found a staircase to the Crypt.
 37558 | Vaults:2 | Found Zatyptem's Magic Scroll Shop.
 38661 | Vaults:3 | Entered Level 3 of the Vaults
 38663 | Vaults:3 | Reached XP level 21. HP: 130/130 MP: 44/44
 38666 | Vaults:3 | Reached skill level 15 in Dodging
 39135 | Vaults:3 | Found Satir's Magic Scroll Shoppe.
 39139 | Vaults:3 | Noticed Frederick
 39208 | Vaults:3 | Killed Frederick
 39339 | Vaults:3 | Bought a scroll of fog for 42 gold pieces
 39339 | Vaults:3 | Bought a scroll of amnesia for 73 gold pieces
 39339 | Vaults:3 | Bought a scroll of teleportation for 63 gold pieces
 39344 | Vaults:3 | Got a silver rune of Zot
 39354 | Vaults:3 | Found Cuatiu's Jewellery Boutique.
 39403 | Vaults:3 | Reached XP level 22. HP: 92/136 MP: 33/46
 39889 | Vaults:3 | Found Idunko's General Store.
 39932 | Vaults:3 | Found Ysaqoeka's Gadget Shop.
 39966 | Vaults:3 | Noticed a golden dragon
 39971 | Vaults:3 | Killed a golden dragon
 40067 | Vaults:3 | Found Kyder's Distillery.
 40067 | Vaults:3 | Found Duggoaf's Food Boutique.
 40089 | Vaults:3 | Found Raaniyxe's Magic Scroll Emporium.
 40116 | Vaults:3 | Found Ryaxkuli's Distillery.
 40116 | Vaults:3 | Found Unuos's Distillery.
 40121 | Vaults:3 | Bought a potion of ambrosia for 52 gold pieces
 40121 | Vaults:3 | Bought a potion of resistance for 130 gold pieces
 40276 | Vaults:3 | Found Lashu's General Store.
 40277 | Vaults:3 | Found Buvofuf's Antique Armour Boutique.
 40290 | Vaults:3 | Bought a pair of slimy boots for 275 gold pieces
 40290 | Vaults:3 | Identified the cursed +0 pair of boots of Action {rF+
                  | Str+7} (You bought it in a shop on level 3 of the Vaults)
 40635 | Vaults:3 | Found Nuqoam's Distillery.
 40640 | Vaults:3 | Bought 2 potions of brilliance for 120 gold pieces
 40640 | Vaults:3 | Bought a potion of agility for 60 gold pieces
 40640 | Vaults:3 | Bought a potion of agility for 60 gold pieces
 40640 | Vaults:3 | Bought a potion of agility for 60 gold pieces
 40640 | Vaults:3 | Bought a potion of degeneration for 15 gold pieces
 40640 | Vaults:3 | Bought a potion of might for 60 gold pieces
 40640 | Vaults:3 | Bought a potion of might for 60 gold pieces
 40640 | Vaults:3 | Bought a potion of curing for 37 gold pieces
 40650 | Vaults:3 | Found Reggiplo's Magic Scroll Shoppe.
 40650 | Vaults:3 | Found Tovosiuch's Food Shop.
 40693 | Vaults:3 | Bought a scroll of blinking for 127 gold pieces
 41297 | Elf:1    | Bought a pair of runed gloves for 202 gold pieces
 41638 | Slime:1  | Entered Level 1 of the Pits of Slime
 44481 | Slime:4  | Reached XP level 23. HP: 140/140 MP: 44/49
 44978 | Slime:5  | Entered Level 5 of the Pits of Slime
 44992 | Slime:5  | Noticed the Royal Jelly
 45072 | Slime:5  | Killed the Royal Jelly
 45268 | Slime:5  | Found the +2 shield of Resistance {rF+ rC+ MR+}
 45344 | Slime:5  | Identified the Almanac of Dusty Flames
 45367 | Slime:5  | Got a slimy rune of Zot
 45478 | Slime:5  | Identified the cursed +0 leather armour of Melancholy
                  | {-Tele Int+8 Slay-2 Stlth+}
 45483 | Slime:5  | Identified the cursed +3 war axe of Wahiox {freeze, rF+
                  | Str+4 Stlth-}
 46143 | Depths:1 | Entered Level 1 of the Depths
 46242 | Depths:1 | Reached skill level 14 in Fighting
 46792 | Depths:1 | Found a gateway to Hell.
 46863 | Depths:1 | Found a runed door.
 46868 | Depths:1 | Found a runed door.
 46878 | Depths:1 | Found a burning altar of Makhleb.
 46888 | Depths:1 | Reached skill level 15 in Fighting
 47326 | Depths:1 | Identified the ring "Kedenul" {+Fly rPois rF- Str+3}
 47653 | Depths:2 | Identified the +3 ring mail "Lodoew" {rF+ rN+ Str+3 Int+2}
 47676 | Depths:2 | Noticed Margery
 47693 | Depths:2 | Killed Margery
 47794 | Depths:2 | Noticed a golden dragon
 47800 | Depths:2 | Reached XP level 24. HP: 125/150 MP: 49/49
 47800 | Depths:2 | Killed a golden dragon
 47965 | Depths:2 | Identified the ring of Zaunileecy {+Blink rN+ rCorr Int+3}
 48262 | Depths:2 | Noticed a Killer Klown
 48265 | Depths:2 | Killed a Killer Klown
 48524 | Depths:2 | Identified Cicvit's Collected Works on Summoning
 48991 | Depths:2 | Found a gateway to a ziggurat.
 49431 | Depths:3 | Noticed a Killer Klown
 49435 | Depths:3 | Reached skill level 16 in Fighting
 49439 | Depths:3 | Killed a Killer Klown
 49660 | Depths:3 | Learned a level 6 spell: Aura of Abjuration
 49806 | Depths:3 | Noticed a golden dragon
 49811 | Depths:3 | Killed a golden dragon
 49939 | Depths:3 | Found a one-way gate leading to the halls of Pandemonium.
 50124 | Depths:3 | Reached XP level 25. HP: 160/160 MP: 48/50
 50125 | Depths:3 | Noticed a golden dragon
 50127 | Depths:3 | Killed a golden dragon
 50129 | Depths:3 | Reached skill level 17 in Fighting
 50129 | Depths:3 | Reached skill level 1 in Summonings
 50195 | Depths:3 | Identified The Handbook of Greatest Risks and Utility
 50505 | Pan      | Entered the realm of Mnoleg.
 50505 | Pan      | Entered Pandemonium
 50507 | Pan      | Identified the amulet of Xezueh {Reflect rN+ MP+9 Int+3
                  | Dex+5 SH+3} (You acquired it in Pandemonium)
 50549 | Pan      | Reached skill level 5 in Summonings
 50551 | Pan      | Gained mutation: You are dopey. (Int -2) [a cacodemon]
 50553 | Pan      | Gained mutation: You are clumsy. (Dex -2) [a cacodemon]
 50559 | Pan      | Gained mutation: You tend to lose your temper in combat. [a
                  | cacodemon]
 50782 | Pan      | Gained mutation: You are weak. (Str -2) [a cacodemon]
 51170 | Pan      | Reached skill level 10 in Summonings
 51372 | Pan      | Noticed Mnoleg
 51385 | Pan      | Killed Mnoleg
 51573 | Pan      | Got a glowing rune of Zot
 51843 | Pan      | Lost mutation: You have supernaturally acute eyesight.
                  | (SInv) [potion of mutation]
 51843 | Pan      | Lost mutation: You are weak. (Str -2) [potion of mutation]
 51843 | Pan      | Lost mutation: Your flesh is heat resistant. (rF+) [potion
                  | of mutation]
 51843 | Pan      | Lost mutation: You are dopey. (Int -2) [potion of mutation]
 51843 | Pan      | Lost mutation: You are clumsy. (Dex -2) [potion of
                  | mutation]
 51843 | Pan      | Gained mutation: You are partially covered in rugged brown
                  | scales. (AC +1, +3% HP) [potion of mutation]
 51897 | Pan      | Entered the realm of Cerebov.
 52294 | Pan      | Identified the +0 lajatang of Battle {slice, MR++ Str+3
                  | Dex-4 Stlth+}
 52318 | Pan      | Learned a level 9 spell: Shatter
 52402 | Pan      | Reached skill level 1 in Earth Magic
 52579 | Pan      | Identified the Handbook of Evil Arts and the Glacier
 52633 | Pan      | Identified the +10 dagger of Causality {speed, rF+}
 52633 | Pan      | Identified the ring of Xom's Pride {Wiz rN++}
 52638 | Pan      | Identified the +10 war axe of Temperance {chaos, Dex+3}
 52639 | Pan      | Identified the cursed +1 robe "Nidutiakh" {+Blink rPois
                  | rF+}
 52659 | Pan      | Reached XP level 26. HP: 130/170 MP: 23/50
 52902 | Pan      | Reached skill level 5 in Earth Magic
 53042 | Pan      | Identified Sif Muna's Catalogue of Combat Magic and Air
 53048 | Pan      | Identified the -2 hat "Izumnoy" {*Corrode rPois MP+9 Dex+2}
 53069 | Pan      | Identified the Grimoire of Talismans and Venom
 53071 | Pan      | Identified the +2 dagger of Insufficient Pleasure {vamp,
                  | +Inv rElec}
 53085 | Pan      | Identified the +6 sword of Cerebov {flame}
 53085 | Pan      | Noticed Cerebov
 53095 | Pan      | Got a fiery rune of Zot
 53301 | Pan      | Entered the realm of Gloorx Vloq.
 53301 | Pan      | Noticed Ignacio
 53309 | Pan      | Killed Ignacio
 53443 | Pan      | HP: 8/170 [soul eater/drain life (10)]
 53852 | Pan      | Identified the +6 sword of Cerebov {flame}
 53852 | Pan      | Noticed Cerebov
 53890 | Pan      | Entered the realm of Lom Lobon.
 53985 | Pan      | Found an exit through the horrors of the Abyss.
 54357 | Pan      | Reached skill level 10 in Earth Magic
 54651 | Pan      | Noticed Lom Lobon
 54664 | Pan      | Killed Lom Lobon
 54665 | Pan      | Reached XP level 27. HP: 101/176 MP: 16/50
 54912 | Pan      | Got a magical rune of Zot
 55222 | Abyss:1  | Escaped into the Abyss
 55223 | Abyss:1  | Found a corrupted altar of Lugonu.
 55274 | Abyss:3  | Found a corrupted altar of Lugonu.
 55318 | Abyss:3  | Found a shadowy altar of Dithmenos.
 55441 | Abyss:4  | Found a corrupted altar of Lugonu.
 55649 | Abyss:5  | Entered Level 5 of the Abyss
 55649 | Abyss:5  | Entered Level 5 of the Abyss
 55870 | Depths:3 | Escaped the Abyss
 56177 | Orc      | Bought a +0 hat of see invisible for 198 gold pieces
 56456 | Depths:4 | Found Tapowif's Changing Room.
 56518 | Depths:4 | Identified the +2 ring mail "Cinoxt" {+Fly rElec}
 56790 | Depths:4 | Reached skill level 10 in Ice Magic
 57196 | Depths:4 | Identified the +6 scale mail of the End {Dex+5 Slay+3}
 57295 | Depths:4 | Noticed a juggernaut
 57299 | Depths:4 | Killed a juggernaut
 57427 | Depths:4 | Noticed an ancient lich
 57433 | Depths:4 | Killed an ancient lich
 57751 | Depths:4 | Noticed a Killer Klown
 57757 | Depths:4 | Killed a Killer Klown
 58614 | Depths:4 | Reached skill level 15 in Ice Magic
 58625 | Depths:4 | Learned a level 8 spell: Glaciate
 58631 | Depths:4 | Found a one-way gate to the infinite horrors of the Abyss.
 59027 | Depths:5 | Entered Level 5 of the Depths
 59037 | Depths:5 | Noticed a Killer Klown
 59119 | Depths:5 | Noticed a juggernaut
 59120 | Depths:5 | Killed a Killer Klown
 59122 | Depths:5 | Killed a juggernaut
 59185 | Depths:5 | Found Ycve's Book Emporium.
 59265 | Depths:5 | Identified the ring of Finality {rPois Stlth++}
 59441 | Depths:5 | Reached skill level 10 in Air Magic
 59620 | Depths:5 | Found Koujimm's Gadget Shoppe.
 59801 | Depths:5 | Found Kinuypti's Armour Emporium.
 60138 | Depths:5 | Noticed a golden dragon
 60141 | Depths:5 | Killed a golden dragon
 60217 | Depths:5 | Found a gate to the Realm of Zot.
 60554 | Zot:1    | Entered Level 1 of the Realm of Zot
 60739 | Zot:1    | Found a runed translucent door.
 60744 | Zot:1    | Noticed Heoriaro's ghost (legendary GnFi)
 60857 | Zot:1    | Noticed a golden dragon
 60862 | Zot:1    | Killed a golden dragon
 60864 | Zot:1    | Reached skill level 15 in Air Magic
 61216 | Zot:1    | Identified the +1 ring mail "Quefafi" {rPois Regen+ Str-5
                  | Slay+5}
 61257 | Zot:1    | Noticed a golden dragon
 61261 | Zot:1    | Killed a golden dragon
 62062 | Zot:1    | Reached skill level 18 in Fighting
 62454 | Zot:2    | Reached skill level 19 in Fighting
 62908 | Zot:2    | Noticed Xtahua
 62933 | Zot:2    | Killed Xtahua
 63231 | Zot:2    | Reached skill level 20 in Fighting
 63351 | Zot:2    | Noticed an orb of fire
 63357 | Zot:2    | Killed an orb of fire
 63575 | Zot:3    | Noticed a golden dragon
 63588 | Zot:3    | Killed a golden dragon
 63689 | Zot:3    | Noticed a golden dragon
 63694 | Zot:3    | Killed a golden dragon
 63783 | Zot:3    | Noticed a golden dragon
 63788 | Zot:3    | Killed a golden dragon
 63887 | Zot:3    | Reached skill level 21 in Fighting
 63902 | Zot:3    | Noticed an orb of fire
 63918 | Zot:3    | Killed an orb of fire
 64498 | Zot:3    | Noticed a Killer Klown
 64504 | Zot:3    | Killed a Killer Klown
 65005 | Zot:4    | Noticed a Killer Klown
 65005 | Zot:4    | Noticed a golden dragon
 65007 | Zot:4    | Noticed a Killer Klown
 65065 | Zot:4    | Killed a Killer Klown
 65066 | Zot:4    | Reached skill level 22 in Fighting
 65070 | Zot:4    | Killed a golden dragon
 65077 | Zot:4    | Killed a Killer Klown
 65411 | Zot:4    | Noticed a golden dragon
 65415 | Zot:4    | Killed a golden dragon
 65416 | Zot:4    | Reached skill level 23 in Fighting
 65589 | Zot:4    | Found a runed door.
 65592 | Zot:4    | Found a runed door.
 65593 | Zot:4    | Found a runed door.
 65789 | Zot:4    | Found a runed door.
 65791 | Zot:4    | Found a runed door.
 65854 | Zot:4    | Found a runed door.
 65856 | Zot:4    | Found a runed door.
 65856 | Zot:4    | Identified the +0 ring mail of Classification {rElec Dex+5
                  | SInv Stlth+}
 65859 | Zot:4    | Found a runed door.
 65862 | Zot:4    | Identified the +9 bardiche of Crawling {chop, Str+4}
 66477 | Zot:4    | Found a runed door.
 66484 | Zot:4    | Reached skill level 24 in Fighting
 66484 | Zot:4    | Found a runed door.
 66873 | Zot:5    | Entered Level 5 of the Realm of Zot
 66874 | Zot:5    | Identified the +4 dragonskin cloak
 66874 | Zot:5    | Noticed Tiamat
 66906 | Zot:5    | Killed Tiamat
 67234 | Zot:5    | Noticed an ancient lich
 67236 | Zot:5    | Killed an ancient lich
 67236 | Zot:5    | Noticed an orb of fire
 67237 | Zot:5    | Reached skill level 25 in Fighting
 67240 | Zot:5    | Killed an orb of fire
 67240 | Zot:5    | Noticed a Killer Klown
 67335 | Zot:5    | Killed a Killer Klown
 67360 | Zot:5    | Noticed an orb of fire
 67365 | Zot:5    | Killed an orb of fire
 67377 | Zot:5    | Noticed an ancient lich
 67392 | Zot:5    | Noticed an orb of fire
 67403 | Zot:5    | Noticed an orb of fire
 67405 | Zot:5    | Gained mutation: Armour fits poorly on your strangely
                  | shaped body. [an orb of fire]
 67444 | Zot:5    | Gained mutation: You occasionally shout uncontrollably at
                  | your foes. [an orb of fire]
 67453 | Zot:5    | Killed an ancient lich
 67453 | Zot:5    | Killed an orb of fire
 67457 | Zot:5    | Gained mutation: Scrolls take you a little longer to read.
                  | [an orb of fire]
 67462 | Zot:5    | Gained mutation: Your body sometimes deteriorates upon
                  | taking damage. [an orb of fire]
 67472 | Zot:5    | HP: 4/200 [orb of fire/fireball (41)]
 67474 | Zot:5    | Lost mutation: Scrolls take you a little longer to read.
                  | [an orb of fire]
 67808 | Zot:5    | Noticed an orb of fire
 67811 | Zot:5    | Killed an orb of fire
 67812 | Zot:5    | Reached skill level 26 in Fighting
 67901 | Zot:5    | Noticed an orb of fire
 67903 | Zot:5    | Killed an orb of fire
 67903 | Zot:5    | Killed an orb of fire
 68352 | Zot:5    | Noticed an orb of fire
 68357 | Zot:5    | Killed an orb of fire
 68454 | Zot:5    | Got the Orb of Zot
 68466 | Zot:5    | Reached skill level 27 in Fighting
 68496 | Zot:5    | Learned a level 3 spell: Regeneration
 68655 | Zot:1    | Reached skill level 1 in Necromancy
 69157 | D:$      | Escaped with the Orb!

Skill      XL: |  1  2  3  4  5  6  7  8  9 10 11 12 13 14 15 16 17 18 19 20 21 22 23 24 25 26 27 |
---------------+----------------------------------------------------------------------------------+-----
Conjurations   | 6 8 9 11 13 14 15 16 17 19 20 21 | 21.0
Spellcasting   | 3 4 6 7 9 11 13 14 15 17 18 20 21 | 21.0
Dodging        | 3 7 10 14 15 17 | 17.9
Fighting       | 1 3 5 6 8 13 15 16 17 27 | 27.0
Fire Magic     | 7 13 15 16 17 19 20 21 | 21.0
Charms         | 7 |  7.0
Staves         | 1 |  1.9
Translocations | 9 12 14 | 14.0
Ice Magic      | 5 9 17 | 17.1
Air Magic      | 9 17 | 17.0
Summonings     | 10 | 10.0
Earth Magic    | 3 11 13 | 13.8
Necromancy     | 3 |  3.7
Stealth        | |  2.1
Unarmed Combat | |  0.9

Action                   |  1- 3 |  4- 6 |  7- 9 | 10-12 | 13-15 | 16-18 | 19-21 | 22-24 | 25-27 || total
-------------------------+-------+-------+-------+-------+-------+-------+-------+-------+-------++-------
Melee: Mace              |     1 |     1 |       |       |       |       |       |       |       ||     2
       Unarmed           |       |       |     3 |     3 |    23 |       |       |       |       ||    29
       Staff             |       |       |       |       |       |       |     2 |     2 |    71 ||    75
 Cast: Magic Dart        |    63 |    61 |    45 |       |     3 |       |       |       |       ||   172
       Searing Ray       |     1 |     4 |     9 |     3 |       |       |       |       |       ||    17
       Iskenderun's Myst |       |     6 |    98 |   247 |   512 |   127 |       |       |     5 ||   995
       Fireball          |       |       |       |    20 |   117 |   314 |   336 |   340 |   141 ||  1268
       Sticky Flame      |       |       |       |     1 |     6 |       |     2 |       |       ||     9
       Iskenderun's Batt |       |       |       |       |    59 |    36 |       |       |       ||    95
       Ignition          |       |       |       |       |       |    14 |    55 |    40 |    91 ||   200
       Bolt of Fire      |       |       |       |       |       |     2 |   106 |    83 |   114 ||   305
       Fire Storm        |       |       |       |       |       |       |     6 |    14 |   173 ||   193
       Icicle Burst      |       |       |       |       |       |       |    27 |    77 |   567 ||   671
       Deflect Missiles  |       |       |       |       |       |       |     1 |       |       ||     1
       Controlled Blink  |       |       |       |       |       |       |       |       |     9 ||     9
       Aura of Abjuratio |       |       |       |       |       |       |       |       |     6 ||     6
       Glaciate          |       |       |       |       |       |       |       |       |   175 ||   175
       Regeneration      |       |       |       |       |       |       |       |       |     5 ||     5
       Shatter           |       |       |       |       |       |       |       |       |     2 ||     2
Evoke: Wand              |       |       |       |     2 |    11 |     5 |    24 |       |     6 ||    48
  Use: Potion            |       |     1 |       |       |     5 |     1 |     2 |       |    18 ||    27
       Scroll            |       |     3 |     4 |    15 |     8 |     8 |     7 |     1 |    20 ||    66
 Stab: Distracted        |       |       |       |       |     1 |       |       |       |     1 ||     2
  Eat: Chunk             |     2 |     6 |    11 |    20 |    38 |    26 |    34 |    22 |    32 ||   191
       Ration            |       |       |     1 |       |     2 |     2 |     5 |     6 |    19 ||    35
Armor: Robe              |     1 |     6 |     5 |    10 |       |       |       |       |       ||    22
       Skin              |       |       |       |     1 |       |       |       |       |       ||     1
       Leather armour    |       |       |       |     4 |    49 |     4 |    19 |     6 |    60 ||   142
Dodge: Dodged            |     5 |    26 |    18 |    56 |   348 |   108 |   256 |   105 |  1004 ||  1926
       Deflected         |       |       |     2 |       |     9 |    11 |    20 |    19 |    58 ||   119
Block: Other             |       |       |       |       |       |       |       |       |    59 ||    59
       Reflection        |       |       |       |       |       |       |       |       |     3 ||     3
